gia, lawful female human Valkyrie ----- ----- --- ---.|.-- |...| .. |.<....| --------...| .- --...|.-- |...--.).--- .. |...---- --.....--- --.-----.--- |...h..---- -- |....|...| |--)....hr--- .| .- |....|.--- --- |...--..hfr............- |......| ---.----)---|...-------- | - ---..------|.>..)...| ----- -- ------- --.. --------...|--..--......--- |........................`..)......--...........| ---- --- ----... -----.)...)...|.---.---- ---.-......-|..---- |..........|--..| |........--- ---- |....----- --.--- --- gia the Skirmisher Experience level: 4 Strength: 18/02 Dexterity: 12 Constitution: 18 Intelligence: 9 Wisdom: 8 Charisma: 9 Health: 11(11) Energy: 11(11) Def: 4 Gold: 355 Moves: 1697 Dungeon seed: P9QY1CPa4OjCLWU9 Game ID: gia_1526545471 Your Inventory: Coins $ - 355 gold pieces Amulets k - a cursed amulet of change Weapons b - a blessed +0 dagger l - a +0 lucern hammer J - 6 +0 darts L - a +0 mace Comestibles c - 2 uncursed food rations K - 2 uncursed tripe rations Scrolls d - 2 uncursed scrolls of punishment I - a blessed scroll of remove curse Q - an uncursed scroll of teleportation U - an uncursed scroll of earth Spellbooks M - an uncursed spellbook of healing O - an uncursed spellbook of sleep Potions h - an uncursed potion of hallucination Rings i - an uncursed ring of stealth (on left foreclaw) Wands N - a wand of teleportation (0:5) P - a wand of digging (0:5) Tools j - an uncursed tin whistle n - an uncursed stethoscope o - an uncursed brass lantern (0:1487) T - 9 uncursed tallow candles (0:200) V - an uncursed wooden harp Gems r - 4 uncursed worthless pieces of violet glass Spells and supernatural/magical abilities: Name Level Category Fail Memory W - pray for help -- divine ? -- Z - summon allies -- ability ? -- Your skills at the end: Fighting Skills Weapon Skills dagger [Basic] long sword [Basic] Spellcasting Skills Final Attributes: You were piously aligned. You were cold resistant. You were poison resistant. You were level-drain resistant. You were stealthy. You regenerated. You were a wererat. You were in beast form. You survived. Vanquished creatures: 2 gnome lords a golden naga hatchling 2 acid blobs 2 coyotes a hobgoblin a giant rat a cave spider 7 gnomes 4 geckos 4 jackals a fox 2 kobolds a goblin 2 grid bugs 2 lichens 2 kobold zombies 6 newts 41 creatures vanquished. Voluntary challenges: You were an atheist. You used a wielded weapon 40 times, starting on turn 133. You read items or engraved 4 times, starting on turn 943. You never genocided any monsters. You never polymorphed an object. You changed form 1 time, starting on turn 1697. You used no wishes. You never split a pudding. You wrote Elbereth's name 1 time, starting on turn 1113. You never violated your personal moral code. Dungeon overview: The Dungeons of Doom: levels 1 to 4 Level 1 a fountain a long staircase Level 2 a scroll shop Level 3 some fountains Level 4 stairs to The Gnomish Mines The Gnomish Mines: Level 5 <- You were here stairs to The Dungeons of Doom History has recorded: On T:1 you entered the Dungeons of Doom to retrieve the Amulet of Yendor! On T:180 you reached level 2 of The Dungeons of Doom. On T:474 you reached level 3 of The Dungeons of Doom. On T:678 you advanced to experience level 2. On T:1023 you advanced to experience level 3. On T:1089 you reached level 4 of The Dungeons of Doom. On T:1306 you reached level 1 of The Gnomish Mines. On T:1589 you advanced to experience level 4. Score breakdown: Gold: 355 ( 8679 points) Experience: 4 levels ( 9649 points) Exploration: 5 levels ( 10.42%) ( 8751 points) Discoveries: 5 items ( 2.03%) ( 4276 points) Valuables value: (no points given unless you survive) Artifact value: 0 ( 0 points) Variety of kills: 17 monsters ( 4.46%) ( 6336 points) Turncount: 1697 turns ( 0 points) Survival: quit (score multiplied by 90%) Total score: 33921 Latest messages: You hit the gnome lord! The gnome lord thrusts his dagger. The gnome lord hits! You kill the gnome lord! There are several objects here. This gnome lord corpse tastes terrible! You finish eating the gnome lord corpse. A dwarf blocks your way. The wererat bites! You miss the wererat. The wererat bites! The kitten misses the wererat. You miss the wererat. The wererat bites! You feel feverish. The kitten misses the wererat. (2x) You turn into a wererat! You can no longer hold your shield! Your helmet falls to the floor! You find you must drop your weapon! You have a special ability in this form: 'summon allies'. You can cast it like a spell. You can't even move a handspan with this load! Final status: Farvel gia the Valkyrie, quit... You quit in The Gnomish Mines on dungeon level 5 with 33921 points, and 355 pieces of gold, after 1697 moves. You were level 4 with a maximum of 40 hit points when you quit.